 Dungeon Crawl Stone Soup version 0.27-a0-1149-g4505690ab0 (webtiles) character file.

Game seed: 18249922903377745828

37 lunkers the Magician (level 3, -2/27 HPs)
             Began as a Djinni Earth Elementalist on May 13, 2021.
             Shot with a sling bullet by a goblin (3 damage)
             ... on level 2 of the Dungeon.
             The game lasted 00:01:13 (1577 turns).

lunkers the Magician (Djinni Earth Elementalist)    Turns: 1577, Time: 00:01:14

Health: -2/27      AC:  2    Str:  7    XL:     3   Next: 60%
Gold:   50         EV: 12    Int: 17    God:
                   SH:  0    Dex: 13

rFire    + + .     SeeInvis .   f - +2 dagger (elec)
rCold    x . .     Faith    .   (no shield)
rNeg     . . .     Spirit   .   c - +0 robe
rPois    ∞         Reflect  .   (no helmet)
rElec    .         Harm     .   (no cloak)
rCorr    .         Rampage  .   (no gloves)
Will     .....                  (boots unavailable)
Stlth    ++........             (no amulet)
HPRegen  0.09/turn              (no ring)
MPRegen  0.00/turn              (no ring)

@: flying
A: sickness immunity, fire resistance 2, cold vulnerability 1, float, innate
caster, hp casting, extra vitality 1
a: no special abilities


You were on level 2 of the Dungeon.
You visited 1 branch of the dungeon, and saw 2 of its levels.

You collected 50 gold pieces.

Inventory:

Hand Weapons
 f - a +2 dagger of electrocution (weapon)
Missiles
 b - 12 stones
Armour
 c - a +0 robe (worn)
Scrolls
 a - a scroll of identify {unknown}
 d - a scroll of holy word {unknown}
 g - a scroll of teleportation {unknown}
Potions
 e - a potion of might {unknown}


   Skills:
 + Level 1.4 Fighting
 - Level 2.1 Dodging
 - Level 1.5 Stealth
 * Level 3.1 Spellcasting


You couldn't memorise any spells.
You knew the following spells:

 Your Spells              Type           Power      Damage    Failure   Level
a - Sandblast             Erth           26%        2d8       4%          1
b - Passwall              Tmut/Erth      10%        N/A       7%          2
c - Stone Arrow           Conj/Erth      26%        3d8       14%         3
d - Petrify               Tmut/Erth      13%        N/A       43%         4
e - Lee's Rapid Deconstr  Erth           6%         3d7*      78%         5
f - Foxfire               Conj/Fire      52%        2x1d6     4%          1
Your spell library was empty.

Dungeon Overview and Level Annotations

Branches:
Dungeon (2/15)

Altars:

Annotations:
D:2 Robin


Innate Abilities, Weirdness & Mutations

You are immune to sickness and miasma.
You are immune to poison.
Your flesh is very heat resistant. (rF++)
You are vulnerable to cold. (rC-)
You float through the air rather than walking.
You learn spells naturally, not from books.
Your magical power is your life essence.
You have superior vitality. (+4 HP)


Message History

The goblin is heavily wounded.
* * * LOW HITPOINT WARNING * * *
Unknown command.
Casting: Sandblast (safe; 4% risk of failure)
Confirm with . or Enter, or press ? or * to list all spells.
Aiming: Sandblast (safe; 4% risk of failure)
Press: ? - help, Shift-Dir - straight line, f/p - goblin
Aim: a goblin, wielding a +0 dagger (heavily wounded, strong, 74% to hit)
The blast of sand hits the goblin.
You kill the goblin!
* * * LOW HITPOINT WARNING * * *
Robin throws the goblin at you!
The goblin unwields a +0 hunting sling.
The goblin wields a +0 dagger of venom.
It begins to drip with poison!
The goblin hits you with a +0 dagger of venom.
* * * LOW HITPOINT WARNING * * *
Unknown command.
The goblin no longer looks unusually strong.
The goblin unwields a +0 dagger of venom.
It stops dripping with poison.
The goblin wields a +0 hunting sling.
The goblin shoots a sling bullet.
The sling bullet closely misses you.
The goblin shoots a sling bullet.
The sling bullet closely misses you.
Robin roars a battlecry!
The goblin goes into a battle-frenzy!
The goblin shoots a sling bullet.
The sling bullet hits you.
* * * LOW HITPOINT WARNING * * *
The goblin no longer looks unusually strong.
Robin roars a battlecry!
The goblin goes into a battle-frenzy!
Robin drinks a potion.
Robin seems to speed up.
Robin throws the goblin at you!
* * * LOW HITPOINT WARNING * * *
The goblin unwields a +0 hunting sling.
The goblin wields a +0 dagger of venom.
It begins to drip with poison!
The goblin barely misses you.
Robin roars a battlecry!
The goblin hits you with a +0 dagger of venom.
* * * LOW HITPOINT WARNING * * *
The goblin unwields a +0 dagger of venom.
It stops dripping with poison.
The goblin wields a +0 hunting sling.
The goblin shoots a sling bullet.
The sling bullet hits you.
You die...

........[#.#.#.....#.#.#.#.#
....†....#.#.#.###.#.#...#.#
...........#.#.# #.#.#.#..†. ##
#..........###.#.# #.#.#.....# .#
#.#####+##...#.#.. #.#.###.... .#
#.# #.####.#.#####.#.####### .#
#.# #.# #.#.......#........ .#
#.# #.####.####.........#### .#
#.#####....g.@..+.<.......'..)
.###.....g....g.####.........####
........######### #.........#
).......# #.........# ........#
#.........# .......## #.........#
##.....# #.........# .+g....#
########### ##.....#


You could see Robin (fast) and 2 goblins.

Vanquished Creatures
  A dart slug (D:1)
  4 ball pythons (D:1)
  3 endoplasms
  3 giant cockroaches
  7 goblins
  2 hobgoblins (D:1)
  2 quokkas (D:1)
  A bat (D:2)
  3 frilled lizards
  2 kobolds (D:1)
  5 rats
33 creatures vanquished.

Notes
Turn   | Place    | Note
-------+----------+-------------------------------------------
     0 | D:1      | lunkers the Djinni Earth Elementalist began the quest for
                  | the Orb.
     0 | D:1      | Reached XP level 1. HP: 15/15 MP: 0/0
   275 | D:1      | Reached XP level 2. HP: 21/22 MP: 0/0
   429 | D:1      | Reached skill level 1 in Fighting
   792 | D:1      | Reached XP level 3. HP: 14/27 MP: 0/0
   792 | D:1      | Learned a level 1 spell: Foxfire
   965 | D:1      | Reached skill level 3 in Spellcasting
  1548 | D:2      | Noticed Robin
  1576 | D:2      | HP: 1/27 [goblin/+0 dagger of venom (3)]
  1577 | D:2      | Shot with a sling bullet by a goblin

Illustrated notes

Levels and vault maps discovered:
D:1:      lemuel_arrival_rhombus, layout_basic
D:2:      layout_basic, hangedman_decor_points, uniq_jessica,
          uniq_crazy_yiuf_cottage, uniq_robin, uniq_sigmund

Skill      XL: |  1  2  3 |
---------------+----------+-----
Fighting       | 1 |  1.4
Spellcasting   | 3 |  3.1
Dodging        | |  2.1
Stealth        | |  1.5

Action                   || total
-------------------------++-------
 Cast: Sandblast         ||    45
Armor: Robe              ||     3
Dodge: Dodged            ||     5

Table legend: (Time is in decaauts)
 A = Elapsed time spent in this place.
 B = Non-inter-level travel time spent in this place.
 C = Inter-level travel time spent in this place.
 D = Time resting spent in this place.
 E = Time spent auto-exploring this place.
 F = Levels seen in this place.
 G = Mean time per level.
                   A        B        C        D        E       F      G
               +--------+--------+--------+--------+--------+-----+--------+
         Total |   1576 |   1535 |     41 |      0 |   1380 |   2 |  788.0 |
       Dungeon |   1576 |   1535 |     41 |      0 |   1380 |   2 |  788.0 |
               +--------+--------+--------+--------+--------+-----+--------+

Top non-repeatable levels by time:
     D:1: 1270 daAuts
     D:2: 305 daAuts
